AoeStats
← akroman2

QS Arena

503606791Analyzed
1v1 RM · 1mo ago on Sep 1, 2026· 19m 28s· 2 players
Game mode
Random Map
Map size
Tiny (2 player)
Population
200
Speed
Normal
Resources
Standard
Victory
Conquest
Starting age
Dark Age
Ending age
Imperial Age
RankedLock teamsTeams togetherTeam positionsShared explorationLock speedFull tech treeHidden civsTurbo modeCheats
Victory
Defeat
🇷🇺 Turks · Russia
973
+15
🇵🇹 Mongols · Portugal
943
-43
Red_Jonh
8:02 Feudal Age
13:30 Padded Archer Armor
13:21 Fletching
13:42 Forging
16:25 Castle Age
17:10 Bodkin Arrow
16:52 Crossbowman
akroman2
8:35 Feudal Age
13:10 Castle Age
11:05 Horse Collar
11:16 Double-Bit Axe
12:45 Loom
14:15 Wheelbarrow
14:11 Padded Archer Armor
19:11 Leather Archer Armor
Connection lost

Rejoining the realm…

Still unreachable

The connection could not be restored.

Session expired

The server has moved on; the page needs a fresh start.